 Dungeon Crawl Stone Soup version 0.29-a0-393-g47a863cc1b (webtiles) character file.

Game seed: 9843890778304672357

882 jlumianski the Chopper (level 7, -5/54 (55) HPs)
             Began as a Demonspawn Fighter on May 10, 2022.
             Was an Initiate of Wu Jian.
             Slain by an ogre
             ... wielding a +0 giant spiked club
              (13 damage)
             ... on level 4 of the Dungeon.
             The game lasted 00:17:10 (5008 turns).

jlumianski the Chopper (Demonspawn Fighter)         Turns: 5008, Time: 00:17:11

HP:   -5/54 (55)    AC: 10    Str: 18    XL:     7   Next: 76%
MP:   7/7           EV:  9    Int:  9    God:    Wu Jian [......]
Gold: 66            SH:  5    Dex: 13    Spells: 6/6 levels left

rFire   . . .      SeeInvis .   a - +1 war axe (drain)
rCold   . . .      Faith    .   c - +0 buckler
rNeg    + . .      Spirit   .   b - +0 scale mail
rPois   .          Reflect  .   (no helmet)
rElec   .          Harm     .   z - +0 cloak
rCorr   .          Rampage  .   v - +1 pair of gloves
Will    .....                   (no boots)
Stlth   ..........              (no amulet)
HPRegen 0.18/turn               C - ring of positive energy
MPRegen 0.10/turn               (no ring)

@: lightly drained
A: claws 1, hooves 2, weakness stinger 1
a: Renounce Religion


You were on level 4 of the Dungeon.
You worshipped Wu Jian.
Wu Jian was noncommittal.
You visited 2 branches of the dungeon, and saw 6 of its levels.

You collected 356 gold pieces.
You spent 290 gold pieces at shops.

Inventory:

Hand Weapons
 a - a +1 war axe of draining (weapon)
 q - a +2 dagger of draining
 t - a +0 short sword of venom
 y - a +3 quarterstaff of chaos
 A - a +3 halberd
Missiles
 e - 155 stones (quivered)
 n - 3 boomerangs
 r - 3 javelins
Armour
 b - a +0 scale mail (worn)
 c - a +0 buckler (worn)
 p - a scarf of shadows
 v - a +1 pair of gloves (worn)
 z - a +0 cloak (worn)
 B - a +1 leather armour of poison resistance
Jewellery
 C - a ring of positive energy (left hand)
Scrolls
 i - a scroll of vulnerability
 o - a scroll of amnesia
 x - a scroll of poison {unknown}
 D - a scroll of identify
Potions
 d - 3 potions of might
 f - 2 potions of ambrosia
 g - a potion of flight {unknown}
 h - 3 potions of heal wounds
 j - 2 potions of curing
 k - 2 potions of brilliance
 l - a potion of degeneration {unknown}
 m - a potion of invisibility
 u - a potion of lignification {unknown}
 w - a potion of mutation {unknown}


   Skills:
 + Level 4.3 Fighting
 + Level 5.6 Axes
 + Level 0.8 Throwing
 + Level 4.7 Armour
 + Level 1.7 Dodging
 + Level 0.3 Stealth
 + Level 3.5 Shields


You had 6 spell levels left.
You didn't know any spells.
Your spell library contained the following spells:

 Spells                   Type           Power      Damage    Failure   Level
 Gell's Gravitas          Tloc           0%         N/A       99%         3
 Lesser Beckoning         Tloc           0%         N/A       99%         3
 Teleport Other           Tloc           0%         N/A       99%         3
 Summon Ice Beast         Ice/Summ       0%         N/A       100%        4
 Summon Mana Viper        Hex/Summ       0%         N/A       100%        5
 Monstrous Menagerie      Summ           0%         N/A       100%        7


Dungeon Overview and Level Annotations

Branches:
Dungeon (5/15)             Temple (1/1) D:4

Altars:
Dithmenos
Gozag
Hepliaklqana
Kikubaaqudgha
Okawaru
Ru
Trog
Uskayaw
Vehumet
Wu Jian
Yredelemnul
Zin

Shops:
D:1 !   D:4 *

Annotations:
D:4 Prince Ribbit
D:5 Dowan


Innate Abilities, Weirdness & Mutations

You have sharp fingernails.
You have hoof-like feet.
You have a small tail.


Message History

You barely miss the phantom. You tail-slap the phantom.
The phantom is almost destroyed.
The phantom barely misses you.
You hit the phantom. You kick the phantom, but do no damage.
You tail-slap the phantom, but do no damage.
The phantom is almost destroyed.
The phantom closely misses you.
The phantom hits you but does no damage.
You closely miss the phantom. You kick the phantom.
You destroy the phantom!
The Council accepts your kill.
There is a stone staircase leading down here.
You start resting.
HP restored.
You climb downwards.
Level annotation: Dowan, Prince Ribbit The ogre barely misses you.
The necrophage hits you. Prince Ribbit completely misses you.
The necrophage hits you but does no damage.
Prince Ribbit barely misses you.
There is a stone staircase leading up here.
Dowan gestures wildly while chanting.
Dowan blinks!
The ogre closely misses you. You block Prince Ribbit's attack.
The necrophage hits you. You partially resist.
You feel drained.
Dowan shakes with grief.
You climb upwards.
There is a stone staircase leading down here.
You slash Prince Ribbit! Your kick misses Prince Ribbit.
Your tail-slap misses Prince Ribbit.
Prince Ribbit is moderately wounded.
You hit the ogre. You drain the ogre. You block Prince Ribbit's attack.
The ogre hits you with a +0 giant spiked club!!
Ouch! That really hurt!
Prince Ribbit barely misses you.
You barely miss the ogre.
The ogre is moderately wounded.
You slash Prince Ribbit! Prince Ribbit hits you!
* * * LOW HITPOINT WARNING * * *
The ogre hits you with a +0 giant spiked club!
You die...

#.#.#.######.# #.####.#
#.#......# #.#####.# #.#
#.###.##.###.......# #.#
#.....#.......####### #.#
####........#.#.....# #.#
####........#.#.###.###.#
#...........#.#.# #...#.#
##.##........#.#F#
###.#.#
[...).........nO@#
#.#.###
####.........#.###
#.#...# .............#.#
#.#.#.# ####.........#.#
#.###.# #<...#'#'#####.#
#.....# #....#.#.......#
####### #.##.#.######..#
#........# #..#
#).#.#.#.# #..#


You could see Prince Ribbit, an ogre (drained) and a necrophage.

Vanquished Creatures
  Duvessa (D:5)
  An ogre (D:5)
  An ice beast (D:4)
  A phantom (D:4)
  2 scorpions
  A howler monkey (D:5)
  An orc priest (D:4)
  Crazy Yiuf (D:4)
  A gnoll shaman (D:4)
  An orc wizard (D:3)
  2 iguanas
  7 gnolls
  5 adders
  An ufetubus (D:2)
  A worm (D:3)
  2 dart slugs
  13 orcs
  8 endoplasms
  2 giant cockroaches
  3 goblins
  7 hobgoblins
  2 jackals
  3 quokkas
  7 ball pythons
  3 bats
  A frilled lizard (D:1)
  6 kobolds
  6 rats
90 creatures vanquished.

Notes
Turn   | Place    | Note
-------+----------+-------------------------------------------
     0 | D:1      | jlumianski the Demonspawn Fighter began the quest for the
                  | Orb.
     0 | D:1      | Reached XP level 1. HP: 18/18 MP: 1/1
   145 | D:1      | Found Xakoenei's Distillery.
   185 | D:1      | Reached skill level 2 in Axes
   185 | D:1      | Discovered your monstrous ancestry.
   185 | D:1      | Gained mutation: You have a small tail. [demonic ancestry]
   185 | D:1      | Reached XP level 2. HP: 22/24 MP: 2/2
   210 | D:1      | Bought a potion of heal wounds for 50 gold pieces
   210 | D:1      | Bought a potion of might for 40 gold pieces
   795 | D:1      | Found a faded altar of an unknown god.
   985 | D:2      | Gained mutation: You have large cloven feet. [demonic
                  | ancestry]
   985 | D:2      | Reached XP level 3. HP: 24/29 MP: 3/3
  2005 | D:3      | Reached XP level 4. HP: 21/35 MP: 4/4
  2205 | D:3      | Reached skill level 3 in Axes
  2327 | D:4      | Found Yzeodag's Specific Store.
  2327 | D:4      | Found Gipidium's General Store.
  2416 | D:4      | Bought a scroll of blinking for 75 gold pieces
  2416 | D:4      | Bought a scroll of identify for 20 gold pieces
  2627 | D:3      | Reached XP level 5. HP: 34/41 MP: 5/5
  3424 | D:4      | Found a staircase to the Ecumenical Temple.
  3441 | D:4      | Reached skill level 4 in Axes
  3441 | D:4      | Reached skill level 1 in Dodging
  3441 | D:4      | Gained mutation: You have sharp fingernails. [demonic
                  | ancestry]
  3441 | D:4      | Reached XP level 6. HP: 40/47 MP: 6/6
  3450 | D:4      | Noticed an ice beast
  3461 | D:4      | Killed an ice beast
  3485 | Temple   | Entered the Ecumenical Temple
  3660 | Temple   | Became a worshipper of the Wu Jian Council
  3726 | D:4      | Bought a scroll of enchant weapon for 105 gold pieces
  3752 | D:4      | Found a bloodstained altar of Trog.
  4075 | D:4      | Found a runed translucent door.
  4076 | D:4      | Noticed Crazy Yiuf
  4081 | D:4      | Killed Crazy Yiuf
  4236 | D:5      | Entered Level 5 of the Dungeon
  4512 | D:5      | Noticed Duvessa
  4517 | D:4      | Gained mutation: You have hoof-like feet. [demonic
                  | ancestry]
  4517 | D:4      | Reached XP level 7. HP: 53/53 MP: 7/7
  4540 | D:5      | Killed Duvessa
  4541 | D:5      | Reached skill level 5 in Axes
  4843 | D:5      | Noticed Prince Ribbit
  4853 | D:5      | Noticed Dowan
  5008 | D:4      | Slain by an ogre

Illustrated notes

Levels and vault maps discovered:
D:1:      eino_arrival_druids_welcome, layout_loops_cross, serial_shops,
          shop_coins, shapermc_ecumenical_altar_mp_highgroup
D:2:      layout_basic
D:3:      layout_basic, hangedman_abyss_or_decor_lesser_grid
D:4:      layout_basic, mainiacjoe_overflow_surrounded_room,
          minmay_temple_entry_sparse_star, nicolae_specific_store,
          minmay_fountain_box, uniq_crazy_yiuf_cottage
D:5:      layout_basic, minmay_manual_macuahuitl, uniq_prince_ribbit1,
          uniq_duvessa
Temple:   minmay_temple_bridge_abc

Skill      XL: |  1  2  3  4  5  6  7 |
---------------+----------------------+-----
Axes           | 2 3 4 5 |  5.6
Shields        | 3 |  3.5
Armour         | 3 4 |  4.7
Dodging        | 1 |  1.7
Fighting       | 4 |  4.3
Throwing       | |  0.8
Stealth        | |  0.3

Action                   |  1- 3 |  4- 6 |  7- 9 || total
-------------------------+-------+-------+-------++-------
Melee: War axe           |    79 |   120 |    36 ||   235
       Tailslap          |     4 |     9 |     4 ||    17
       Kick              |     4 |    34 |    10 ||    48
Throw: Stone             |       |     9 |       ||     9
Invok: Lunge             |       |     5 |       ||     5
  Use: Potion            |     2 |       |     1 ||     3
       Scroll            |       |    10 |     1 ||    11
Armor: Scale mail        |    47 |    42 |    11 ||   100
       Skin              |       |       |     5 ||     5
Dodge: Dodged            |    60 |    57 |    34 ||   151
Block: Buckler           |    22 |    34 |    16 ||    72

Table legend: (Time is in decaauts)
 A = Elapsed time spent in this place.
 B = Non-inter-level travel time spent in this place.
 C = Inter-level travel time spent in this place.
 D = Time resting spent in this place.
 E = Time spent auto-exploring this place.
 F = Levels seen in this place.
 G = Mean time per level.
                   A        B        C        D        E       F      G
               +--------+--------+--------+--------+--------+-----+--------+
         Total |   5115 |   4993 |    122 |    646 |   2951 |   6 |  852.5 |
       Dungeon |   4916 |   4794 |    122 |    646 |   2790 |   5 |  983.2 |
        Temple |    198 |    198 |      0 |      0 |    161 |   1 |  198.0 |
               +--------+--------+--------+--------+--------+-----+--------+

Top non-repeatable levels by time:
     D:4: 1636 daAuts
     D:2: 1321 daAuts
     D:1: 874 daAuts
     D:3: 845 daAuts
     D:5: 238 daAuts
  Temple: 198 daAuts
